 Dungeon Crawl Stone Soup version 0.30.0-21-gd299b56b3f (webtiles) character file.

Game seed: 4370550510031891248

559 qw the Chopper (level 7, -3/44 HPs)
             Began as a Gargoyle Fighter on June 2, 2023.
             Slain by Menkaure (12 damage)
             ... on level 4 of the Dungeon.
             The game lasted 00:01:25 (2216 turns).

qw the Chopper (Gargoyle Fighter)                   Turns: 2216, Time: 00:01:25

Health: -3/44      AC: 17    Str: 21    XL:     7   Next: 31%
Magic:  7/7        EV:  6    Int:  9    God:
Gold:   219        SH:  4    Dex:  9    Spells: 6/6 levels left

rFire   . . .        Y - +1 war axe
rCold   . . .        c - +0 buckler
rNeg    + . .        l - +0 plate armour
rPois   inf          (no helmet)
rElec   +            m - +0 cloak
rCorr   .            (no gloves)
SInv    .            (no boots)
Will    .....        (no amulet) Stlth
                     (no ring)
HPRegen 0.27/turn    (no ring)
MPRegen 0.10/turn

%: no passive effects
@: no status effects
A: sickness immunity, AC +4, negative energy resistance 1, electricity
resistance, torment resistance 1, petrification resistance
a: no special abilities


You were on level 4 of the Dungeon.
You visited 1 branch of the dungeon, and saw 5 of its levels.

You collected 219 gold pieces.


Innate Abilities, Weirdness & Mutations

You are immune to sickness and miasma.
Your stone body is resilient. (AC +4)
You are immune to poison.
You resist negative energy. (rN+)
You are resistant to electric shocks. (rElec)
You are resistant to unholy torment.
You are immune to petrification.


   Skills:
 - Level 4.4 Fighting
 - Level 6.0 Axes
 - Level 1.0 Throwing
 + Level 3.7 Armour
 - Level 1.3 Dodging
 - Level 3.2 Shields


You had 6 spell levels left.
You didn't know any spells.
Your spell library was empty.

Inventory:

Hand Weapons
 g - a +0 whip
 Y - a +1 war axe (weapon)
Armour
 c - a +0 buckler (worn)
 l - a +0 plate armour (worn)
 m - a +0 cloak (worn)
Scrolls
 a - a scroll of identify
Potions
 d - a potion of might
 e - a potion of curing
 h - a potion of cancellation
 i - a potion of lignification
 j - a potion of berserk rage {unknown}
 k - a potion of brilliance {unknown}

Dungeon Overview and Level Annotations

Branches:
Dungeon (5/15)             Temple (0/1) D:5

Altars:
Ru
Uskayaw

Shops:
D:1 [

Annotations:
D:4 Menkaure


Message History

The gnoll bouda is severely wounded.
The gnoll bouda hits you but does no damage.
You hit the gnoll bouda but do no damage.
The gnoll bouda is severely wounded.
The gnoll bouda closely misses you.
The gnoll bouda hits you but does no damage.
You closely miss the gnoll bouda.
The gnoll bouda is severely wounded.
Menkaure, Prince of Dust comes into view.
The gnoll bouda hits you but does no damage.
You hit the gnoll bouda.
The gnoll bouda is almost dead.
The gnoll bouda completely misses you.
You hit the gnoll bouda.
You kill the gnoll bouda!
2207 ||| Stepping ~*~*~tactically~*~*~ (hiding).
You start resting.
Menkaure is nearby!
Things that are here:
a +0 club; a +0 robe Menkaure hits you!
Items here: %% )).
You slash Menkaure!
Menkaure is moderately damaged.
Menkaure hits you but does no damage.
You hit Menkaure but do no damage.
Menkaure is moderately damaged.
Menkaure hits you!
You slash Menkaure!
Menkaure is severely damaged.
Your attacks no longer feel as feeble.
Menkaure hits you.
You hit Menkaure.
Menkaure is almost destroyed.
Menkaure casts a spell.
Menkaure seems to speed up.
You barely miss Menkaure.
Menkaure is almost destroyed.
Menkaure hits you. Menkaure hits you!
You die...

#########
#.......#######.#
#.#####.##......#
#.#####.##.####
#####.##..........#
###...#.##.##.##.##.##.
#.....#.##.##.##.......
#...>)......#...#.###
#.##..@########.#.#.#
#.....M.........#..[###
#.............#####....
##..............#...##.
###............#.#....
#................##.
##.#........#....##.
#.#................
..########.###..###


You could see Menkaure (fast).

Vanquished Creatures
  Duvessa (D:5)
  An ice beast (D:5)
  Dowan (D:5)
  A hound (D:4)
  3 jellies
  A gnoll bouda (D:4)
  2 gnolls (D:4)
  7 adders
  A river rat (D:3)
  3 worms (D:2)
  7 endoplasms
  A giant cockroach (D:2)
  4 goblins
  7 hobgoblins
  2 jackals (D:1)
  10 kobolds
  3 quokkas
  10 ball pythons
  6 bats
  3 frilled lizards (D:1)
  8 rats
  A spectral kobold (D:1)
83 creatures vanquished.

Vanquished Creatures (others)
  A quokka (D:5)
1 creature vanquished.

Grand Total: 84 creatures vanquished

Notes
Turn   | Place    | Note
-------+----------+-------------------------------------------
     0 | D:1      | qw the Gargoyle Fighter began the quest for the Orb.
     0 | D:1      | Reached XP level 1. HP: 14/14 MP: 1/1
     0 | D:1      | 0 ||| qw: Version: 0.2-a-102-gdf20003
     0 | D:1      | 0 ||| qw: Game counter: 868
     0 | D:1      | 0 ||| qw: Always use a shield: true
     0 | D:1      | 0 ||| qw: God list: Okawaru
     0 | D:1      | 0 ||| qw: Allow faded altars: false
     0 | D:1      | 0 ||| qw: Do Orc after D:15 true
     0 | D:1      | 0 ||| qw: Do second Lair branch before Depths: true
     0 | D:1      | 0 ||| qw: Lair rune preference: random
     0 | D:1      | 0 ||| qw: Plans: Normal, Zot:1-4, Slime:5, God:TSO, Crypt,
                  | Tomb, Pan, Hells, Abyss, Win
     0 | D:1      | 0 ||| PLANNING D:1-11
    72 | D:1      | Reached skill level 2 in Axes
    80 | D:1      | Reached XP level 2. HP: 13/19 MP: 2/2
    88 | D:1      | 88 ||| FLEEEEING.
    89 | D:1      | 89 ||| FLEEEEING.
    90 | D:1      | 90 ||| FLEEEEING.
    94 | D:1      | 94 ||| FLEEEEING.
    99 | D:1      | 99 ||| FLEEEEING.
   100 | D:1      | 100 ||| FLEEEEING.
   139 | D:1      | Reached skill level 3 in Axes
   282 | D:1      | Reached XP level 3. HP: 23/23 MP: 3/3
   321 | D:1      | 321 ||| Stepping ~*~*~tactically~*~*~ (hiding).
   322 | D:1      | 322 ||| Stepping ~*~*~tactically~*~*~ (hiding).
   430 | D:1      | 430 ||| DROPPING +0 club.
   519 | D:1      | Reached skill level 1 in Throwing
   559 | D:1      | 559 ||| Stepping ~*~*~tactically~*~*~ (hiding).
   672 | D:1      | Found a faded altar of an unknown god.
   845 | D:1      | Found Orysaygg's Antique Armour Shoppe.
   848 | D:1      | 848 ||| SHOPLISTING cloak (126 gold, have 74).
   848 | D:1      | 848 ||| SHOPLISTING helmet (126 gold, have 74).
   848 | D:1      | 848 ||| SHOPLISTING pair of boots (126 gold, have 74).
   848 | D:1      | 848 ||| SHOPLISTING pair of embroidered gloves (210 gold,
                  | have 74).
   848 | D:1      | 848 ||| SHOPLISTING runed scale mail (196 gold, have 74).
   848 | D:1      | 848 ||| SHOPLISTING shiny orb (336 gold, have 74).
   870 | D:1      | 870 ||| READING scroll labelled HEQYKE LIUQO.
   874 | D:1      | 874 ||| READING scroll labelled ONIUHA EMYOP.
   875 | D:1      | 875 ||| READING scroll labelled LIMINOVEUL.
   924 | D:2      | 924 ||| Stepping ~*~*~tactically~*~*~ (stealth).
   948 | D:2      | Reached XP level 4. HP: 28/28 MP: 4/4
  1003 | D:2      | 1003 ||| Stepping ~*~*~tactically~*~*~ (stealth).
  1004 | D:2      | 1004 ||| Stepping ~*~*~tactically~*~*~ (stealth).
  1067 | D:2      | 1067 ||| Stepping ~*~*~tactically~*~*~ (stealth).
  1133 | D:2      | 1133 ||| Stepping ~*~*~tactically~*~*~ (stealth).
  1162 | D:2      | Reached skill level 4 in Axes
  1305 | D:2      | Found a hide-covered altar of Uskayaw.
  1337 | D:2      | 1337 ||| UPGRADING to +0 cloak.
  1342 | D:2      | 1342 ||| READING scroll labelled GAXAUP ORON.
  1343 | D:2      | 1343 ||| READING scroll labelled PEMIGA POSU.
  1344 | D:2      | 1344 ||| READING scroll labelled IMAKLY FYIJ.
  1353 | D:3      | 1353 ||| PLANNING SEWER
  1360 | D:3      | Found a sacrificial altar of Ru.
  1364 | D:3      | 1364 ||| Stepping ~*~*~tactically~*~*~ (stealth).
  1371 | D:3      | Reached XP level 5. HP: 28/32 MP: 5/5
  1396 | D:3      | Found a glowing drain.
  1397 | D:3      | 1397 ||| Stepping ~*~*~tactically~*~*~ (stealth).
  1419 | D:3      | You fall into a shaft and drop 2 floors!
  1419 | D:5      | Entered Level 5 of the Dungeon
  1505 | D:5      | Reached skill level 5 in Axes
  1521 | D:5      | Found a staircase to the Ecumenical Temple.
  1524 | D:5      | Noticed Dowan
  1524 | D:5      | Noticed Duvessa
  1530 | D:5      | HP: 7/32 [Duvessa/+0 short sword (8)]
  1531 | D:5      | 1531 ||| READING scroll of teleportation.
  1669 | D:5      | Noticed an ice beast
  1685 | D:5      | Killed an ice beast
  1686 | D:5      | Reached XP level 6. HP: 29/39 MP: 6/6
  1863 | D:5      | Killed Dowan
  1863 | D:5      | HP: 2/39 [Duvessa/+0 short sword (9)]
  1864 | D:5      | Reached skill level 1 in Dodging
  1864 | D:5      | Killed Duvessa
  1865 | D:5      | Reached XP level 7. HP: 3/44 MP: 7/7
  2030 | D:5      | 2030 ||| DROPPING amulet of magic regeneration.
  2031 | D:5      | 2031 ||| READING scroll labelled ZUSKAQ BAPIT.
  2032 | D:5      | 2032 ||| DRINKING 2 metallic silvery potions.
  2033 | D:5      | 2033 ||| READING 2 scrolls of identify.
  2033 | D:5      | 2033 ||| IDENTIFYING glowing silvery potion
  2039 | D:5      | 2039 ||| FLEEEEING.
  2040 | D:5      | 2040 ||| FLEEEEING.
  2041 | D:5      | 2041 ||| STAIRDANCE
  2058 | D:4      | Reached skill level 6 in Axes
  2137 | D:4      | 2137 ||| UPGRADING to +0 plate armour.
  2147 | D:4      | 2147 ||| DROPPING +0 scale mail.
  2148 | D:4      | 2148 ||| DROPPING +2 leather armour of fire resistance.
  2149 | D:4      | 2149 ||| READING scroll labelled FIJIUP JAASCHEO.
  2158 | D:3      | 2158 ||| RIP SEWER
  2159 | D:3      | 2159 ||| PLANNING TEMPLE
  2182 | D:5      | 2182 ||| STAIRDANCE
  2187 | D:5      | 2187 ||| STAIRDANCE
  2191 | D:5      | 2191 ||| STAIRDANCE
  2204 | D:4      | Noticed Menkaure
  2207 | D:4      | 2207 ||| Stepping ~*~*~tactically~*~*~ (hiding).
  2214 | D:4      | HP: 11/44 [Menkaure (2)]
  2216 | D:4      | Slain by Menkaure

Levels and vault maps discovered:
D:1:      lemuel_arrival_tunnels, layout_rooms,
          dreamdust_ecumenical_altar_drowned_temple, serial_shops, shop
D:2:      layout_rooms, basic_altar, minmay_tall_x
D:3:      layout_loops_cross, mainiacjoe_overflow_alcove_1,
          mainiacjoe_overflow_24_doors, cheibrodos_sewer_entry_sluice,
          minmay_misc_feat_tiny, moated_statue
D:4:      layout_loops_cross, uniq_menkaure
D:5:      layout_rooms, elyvilon_altar_4, minmay_temple_entry_offerings,
          serial_park_tiny_pond, uniq_duvessa

Skill      XL: |  1  2  3  4  5  6  7 |
---------------+----------------------+-----
Axes           | 2 3 4 5 6 |  6.0
Throwing       | 1 |  1.0
Fighting       | 4 |  4.4
Dodging        | 1 |  1.3
Armour         | |  3.7
Shields        | |  3.2

Action                     |  1- 3 |  4- 6 |  7- 9 || total
---------------------------+-------+-------+-------++-------
  Melee: War axe           |    59 |   102 |    36 ||   197
  Throw: Javelin           |    18 |    15 |       ||    33
    Use: Scroll            |     3 |     4 |     3 ||    10
         Potion            |       |       |     1 ||     1
 Armour: Scale mail        |    52 |    56 |     9 ||   117
         Plate armour      |       |       |    13 ||    13
  Dodge: Dodged            |    44 |    42 |    11 ||    97
  Block: Buckler           |    13 |    12 |     5 ||    30

Table legend:
 A = Non-vault XP
 B = Vault XP
 C = Vault XP percentage of total XP
 D = Non-vault monster count
 E = Vault monster count
 F = Vault count percentage of total count
                 A         B        C        D         E       F
            +---------+---------+-------+---------+---------+-------
      Total |     564 |     235 |  29.4 |      72 |      11 |  13.3
            +---------+---------+-------+---------+---------+-------
        D:1 |      55 |       1 |   1.8 |      35 |       1 |   2.8
        D:2 |      93 |       5 |   5.1 |      23 |       4 |  14.8
        D:3 |      18 |      18 |  50.0 |       3 |       4 |  57.1
        D:4 |     157 |       0 |   0.0 |       6 |       0 |   0.0
        D:5 |     241 |     211 |  46.7 |       5 |       2 |  28.6
            +---------+---------+-------+---------+---------+-------
